 Dungeon Crawl Stone Soup version 0.30.0-10-gfe55d96785 (webtiles) character file.

Game seed: 16693139023951075935

2685 qw the Cleaver (level 9, -7/58 HPs)
             Began as a Gargoyle Cinder Acolyte on May 16, 2023.
             Was a Follower of Ignis.
             Mangled by a boulder beetle (18 damage)
             ... on level 6 of the Dungeon.
             The game lasted 00:03:09 (5666 turns).

qw the Cleaver (Gargoyle Cinder Acolyte)            Turns: 5666, Time: 00:03:09

Health: -7/58      AC: 27    Str: 22    XL:     9   Next: 64%
Magic:  10/10      EV:  6    Int: 15    God:    Ignis [*.....]
Gold:   301        SH:  3    Dex:  5    Spells: 10/10 levels left

rFire   + . .        Y - +2 hand axe (freeze)
rCold   . . .        g - +0 buckler
rNeg    + . .        a - +0 plate armour
rPois   inf          (helmet restricted)
rElec   +            (no cloak)
rCorr   .            i - +0 pair of gloves
SInv    .            (no boots)
Will    .....        (no amulet) Stlth
                     (no ring)
HPRegen 0.29/turn    (no ring)
MPRegen 0.12/turn

%: no passive effects
@: about to teleport, fiery-armoured
A: sickness immunity, AC +6, negative energy resistance 1, electricity
resistance, torment resistance 1, petrification resistance, horns 1, evolution 1
a: Renounce Religion, Fiery Armour, Foxfire Swarm, Rising Flame


You were on level 6 of the Dungeon.
You worshipped Ignis.
Ignis was aware of your devotion.
You visited 1 branch of the dungeon, and saw 6 of its levels.

You collected 301 gold pieces.


Innate Abilities, Weirdness & Mutations

You are immune to sickness and miasma.
Your stone body is resilient. (AC +6)
You are immune to poison.
You resist negative energy. (rN+)
You are resistant to electric shocks. (rElec)
You are resistant to unholy torment.
You are immune to petrification.
You have a pair of small horns on your head.
You have hidden genetic potential.


   Skills:
 - Level 7.7 Fighting
 + Level 8.7 Axes
 - Level 2.0 Throwing
 - Level 5.3 Armour
 - Level 3.4 Shields
 - Level 1.0 Spellcasting
 - Level 3.0 Fire Magic


You had 10 spell levels left.
You didn't know any spells.
Your spell library contained the following spells:

 Spells                   Type           Power      Damage    Failure   Level
 Scorch                   Fire           18%        2d5       94%         2

Inventory:

Hand Weapons
 q - a -1 hand axe of flaming
 Y - a +2 hand axe of freezing (weapon)
Missiles
 b - 3 boomerangs (quivered)
Armour
 a - a +0 plate armour (worn)
 g - a +0 buckler (worn)
 i - a +0 pair of gloves (worn)
Scrolls
 d - 2 scrolls of amnesia {unknown}
 e - a scroll of teleportation
 k - 2 scrolls of identify
 l - a scroll of immolation {unknown}
 n - a scroll of enchant weapon {unknown}
Potions
 c - a potion of heal wounds {unknown}
 f - a potion of flight {unknown}
 h - a potion of mutation
 j - a potion of attraction {unknown}
 m - a potion of magic {unknown}
 o - 2 potions of might {unknown}

Dungeon Overview and Level Annotations

Branches:
Dungeon (6/15)             Temple (0/1) D:4

Altars:
Cheibriados
Okawaru
Sif Muna
Trog


Message History

The boulder beetle hits you!
The boulder beetle stops rolling and uncurls.
You hit the boulder beetle but do no damage.
The boulder beetle is moderately wounded.
The boulder beetle bites you but does no damage.
The boulder beetle is burned by your cloak of flames.
The boulder beetle is moderately wounded.
You hit the boulder beetle but do no damage.
The boulder beetle is moderately wounded.
You hit the boulder beetle but do no damage.
The boulder beetle is moderately wounded.
The boulder beetle bites you.
You hit the boulder beetle. You freeze the boulder beetle.
The boulder beetle is heavily wounded.
The boulder beetle bites you.
The boulder beetle is burned by your cloak of flames.
The boulder beetle is heavily wounded.
You slash the boulder beetle! You freeze the boulder beetle.
The boulder beetle is severely wounded.
The boulder beetle leaps!
You are too injured to fight recklessly!
You are too injured to fight recklessly!
You are too injured to fight recklessly!
You hear the quick rusting of a distant drain.
The boulder beetle curls into a ball and begins rolling!
The boulder beetle hits you but does no damage.
The boulder beetle stops rolling and uncurls.
You hit the boulder beetle but do no damage.
The boulder beetle is heavily wounded.
The boulder beetle bites you!
5664 ||| READING 2 scrolls of teleportation.
As you read the scroll of teleportation, it crumbles to dust.
You feel strangely unstable. The boulder beetle barely misses you.
You hit the boulder beetle but do no damage.
The boulder beetle is heavily wounded.
You hit the boulder beetle but do no damage.
The boulder beetle is heavily wounded.
The boulder beetle bites you!!
You die...

#...#...#...#.##.#
.................#
#......<.....####
#.####.#...### #.
#.#...# #. #.##.##
#. ##.##.#####
.$#.##.###..........
.>.....@....##.#####
.......B...## #
..#.##.##..# # #.
#..# #. #.... ..
...### #.###.# #.
#.#


You could see a boulder beetle.

Vanquished Creatures
  A two-headed ogre (D:6)
  A troll (D:6)
  Grinder (D:4)
  Eustachio (D:4)
  Edmund (D:5)
  An orc warrior (D:4)
  4 ogres
  A phantom (D:5)
  Blork the orc (D:5)
  A gnoll sergeant (D:6)
  2 scorpions (D:6)
  2 jellies (D:6)
  4 orc priests
  4 hounds
  2 sleepcaps
  2 iguanas
  Ijyb (D:4)
  Natasha (thrice) (D:4)
  An orc wizard (D:4)
  Robin (D:3)
  7 adders
  A shadow imp (D:4)
  An ufetubus (D:4)
  A worm (D:2)
  2 dart slugs
  17 orcs
  6 endoplasms
  2 giant cockroaches
  7 hobgoblins
  2 jackals (D:3)
  A quokka (D:4)
  4 ball pythons
  2 bats (D:1)
  3 frilled lizards
  21 goblins
  3 kobolds
  5 rats
120 creatures vanquished.

Notes
Turn   | Place    | Note
-------+----------+-------------------------------------------
     0 | D:1      | qw the Gargoyle Cinder Acolyte began the quest for the Orb.
     0 | D:1      | Reached XP level 1. HP: 14/14 MP: 2/2
     0 | D:1      | 0 ||| qw: Version: 0.2-a-94-gbb182e1
     0 | D:1      | 0 ||| qw: Game counter: 46
     0 | D:1      | 0 ||| qw: Always use a shield: true
     0 | D:1      | 0 ||| qw: God list: Okawaru
     0 | D:1      | 0 ||| qw: Allow faded altars: false
     0 | D:1      | 0 ||| qw: Do Orc after D:15 true
     0 | D:1      | 0 ||| qw: Do second Lair branch before Depths: true
     0 | D:1      | 0 ||| qw: Lair rune preference: random
     0 | D:1      | 0 ||| qw: Plans: Normal
     0 | D:1      | 0 ||| PLANNING D:1-11
    45 | D:1      | 45 ||| Stepping ~*~*~tactically~*~*~ (stealth).
    47 | D:1      | 47 ||| Stepping ~*~*~tactically~*~*~ (stealth).
    92 | D:1      | Reached skill level 3 in Axes
   168 | D:1      | Reached XP level 2. HP: 19/19 MP: 3/3
   185 | D:1      | 185 ||| Stepping ~*~*~tactically~*~*~ (hiding).
   186 | D:1      | 186 ||| Stepping ~*~*~tactically~*~*~ (hiding).
   295 | D:1      | 295 ||| Stepping ~*~*~tactically~*~*~ (stealth).
   298 | D:1      | 298 ||| Stepping ~*~*~tactically~*~*~ (stealth).
   492 | D:1      | 492 ||| UPGRADING to +0 scale mail.
   502 | D:1      | 502 ||| DROPPING +0 robe.
   503 | D:1      | 503 ||| UPGRADING to +0 buckler.
   508 | D:1      | 508 ||| READING scroll labelled NIPAOSM MIR APAI.
   509 | D:1      | 509 ||| READING scroll labelled AWIOGE OHUMYE.
   610 | D:1      | 610 ||| READING scroll labelled HUBLER BATSO.
   611 | D:1      | 611 ||| READING scroll labelled ZUARHU KOEZELIETI.
   636 | D:2      | 636 ||| STAIRDANCE
   655 | D:2      | 655 ||| Stepping ~*~*~tactically~*~*~ (stealth).
   656 | D:2      | 656 ||| Stepping ~*~*~tactically~*~*~ (stealth).
   661 | D:2      | Reached XP level 3. HP: 23/23 MP: 4/4
   722 | D:2      | Reached skill level 1 in Shields
   844 | D:2      | Reached skill level 1 in Armour
   980 | D:2      | 980 ||| UPGRADING to +0 pair of gloves.
   985 | D:2      | 985 ||| READING scroll labelled WUN JITSOCK.
  1001 | D:3      | 1001 ||| STAIRDANCE
  1065 | D:3      | 1065 ||| STAIRDANCE
  1067 | D:2      | 1067 ||| INVOKING Fiery Armour.
  1152 | D:3      | 1152 ||| STAIRDANCE
  1173 | D:3      | Reached skill level 4 in Axes
  1173 | D:3      | Reached XP level 4. HP: 23/28 MP: 5/5
  1173 | D:3      | 1173 ||| STAIRDANCE
  1213 | D:3      | 1213 ||| STAIRDANCE
  1258 | D:3      | 1258 ||| Stepping ~*~*~tactically~*~*~ (hiding).
  1259 | D:3      | 1259 ||| Stepping ~*~*~tactically~*~*~ (hiding).
  1303 | D:3      | 1303 ||| Stepping ~*~*~tactically~*~*~ (stealth).
  1634 | D:3      | 1634 ||| Stepping ~*~*~tactically~*~*~ (stealth).
  1636 | D:3      | 1636 ||| Stepping ~*~*~tactically~*~*~ (hiding).
  1648 | D:3      | Reached XP level 5. HP: 32/32 MP: 6/6
  1652 | D:3      | 1652 ||| Stepping ~*~*~tactically~*~*~ (stealth).
  1655 | D:3      | 1655 ||| INVOKING Fiery Armour.
  1655 | D:3      | Noticed Robin
  1658 | D:3      | 1658 ||| Stepping ~*~*~tactically~*~*~ (hiding).
  1673 | D:3      | Killed Robin
  1760 | D:3      | Found an iron altar of Okawaru.
  1847 | D:3      | 1847 ||| UPGRADING to +0 plate armour.
  1857 | D:3      | 1857 ||| DROPPING +0 scale mail.
  1858 | D:3      | 1858 ||| UPGRADING to +0 helmet.
  1863 | D:3      | 1863 ||| READING 2 scrolls labelled JEMPOE HIOLARCH.
  1864 | D:3      | 1864 ||| DRINKING 2 bubbling white potions.
  1865 | D:3      | 1865 ||| DROPPING scroll of fog.
  1947 | D:4      | 1947 ||| Stepping ~*~*~tactically~*~*~ (stealth).
  2016 | D:4      | Found a staircase to the Ecumenical Temple.
  2030 | D:4      | Noticed Natasha
  2031 | D:4      | 2031 ||| Stepping ~*~*~tactically~*~*~ (stealth).
  2048 | D:4      | Killed Natasha
  2076 | D:4      | 2076 ||| INVOKING Fiery Armour.
  2076 | D:4      | HP: 6/32 [iguana (8)]
  2081 | D:4      | Reached skill level 3 in Armour
  2306 | D:4      | 2306 ||| Stepping ~*~*~tactically~*~*~ (hiding).
  2307 | D:4      | 2307 ||| Stepping ~*~*~tactically~*~*~ (hiding).
  2310 | D:4      | 2310 ||| Stepping ~*~*~tactically~*~*~ (hiding).
  2311 | D:4      | 2311 ||| Stepping ~*~*~tactically~*~*~ (hiding).
  2312 | D:4      | 2312 ||| Stepping ~*~*~tactically~*~*~ (hiding).
  2320 | D:4      | 2320 ||| INVOKING Fiery Armour.
  2323 | D:4      | HP: 6/32 [orc priest/+0 club (5)]
  2324 | D:4      | Reached skill level 5 in Axes
  2324 | D:4      | Reached XP level 6. HP: 7/37 MP: 7/7
  2339 | D:4      | 2339 ||| Stepping ~*~*~tactically~*~*~ (stealth).
  2345 | D:4      | 2345 ||| Stepping ~*~*~tactically~*~*~ (stealth).
  2351 | D:4      | 2351 ||| Stepping ~*~*~tactically~*~*~ (stealth).
  2352 | D:4      | 2352 ||| Stepping ~*~*~tactically~*~*~ (stealth).
  2369 | D:4      | HP: 3/37 [ogre/+0 giant club (8)]
  2411 | D:4      | Noticed Natasha
  2416 | D:4      | 2416 ||| Stepping ~*~*~tactically~*~*~ (hiding).
  2424 | D:4      | 2424 ||| INVOKING Fiery Armour.
  2424 | D:4      | Killed Natasha
  2515 | D:4      | 2515 ||| SWAPPING to +0 hand axe of freezing.
  2558 | D:4      | Noticed Ijyb
  2567 | D:4      | Killed Ijyb
  2605 | D:4      | Noticed Eustachio
  2606 | D:4      | 2606 ||| Stepping ~*~*~tactically~*~*~ (hiding).
  2643 | D:4      | 2643 ||| INVOKING Fiery Armour.
  2646 | D:4      | 2646 ||| Stepping ~*~*~tactically~*~*~ (hiding).
  2675 | D:4      | 2675 ||| Stepping ~*~*~tactically~*~*~ (hiding).
  2681 | D:4      | Killed Eustachio
  2682 | D:4      | Reached skill level 6 in Axes
  2682 | D:4      | Reached XP level 7. HP: 34/43 MP: 8/8
  2729 | D:4      | Noticed Natasha
  2730 | D:4      | 2730 ||| Stepping ~*~*~tactically~*~*~ (stealth).
  2737 | D:4      | Killed Natasha
  2910 | D:4      | 2910 ||| Stepping ~*~*~tactically~*~*~ (hiding).
  2917 | D:4      | 2917 ||| DRINKING potion of curing.
  2917 | D:4      | 2917 ||| (to cure confusion)
  2948 | D:4      | Found a shimmering blue altar of Sif Muna.
  2960 | D:4      | Found a bloodstained altar of Trog.
  3200 | D:4      | 3200 ||| INVOKING Fiery Armour.
  3203 | D:4      | Reached skill level 3 in Shields
  3327 | D:4      | Found a snail-covered altar of Cheibriados.
  3383 | D:4      | Noticed Grinder
  3400 | D:4      | Paralysed by Grinder for 2 turns
  3412 | D:4      | 3412 ||| Stepping ~*~*~tactically~*~*~ (hiding).
  3414 | D:4      | 3414 ||| Stepping ~*~*~tactically~*~*~ (hiding).
  3431 | D:4      | Paralysed by Grinder for 5 turns
  3457 | D:4      | Paralysed by Grinder for 2 turns
  3463 | D:4      | Killed Grinder
  3464 | D:4      | Reached skill level 7 in Axes
  3464 | D:4      | Reached XP level 8. HP: 31/48 MP: 9/9
  3784 | D:4      | 3784 ||| Stepping ~*~*~tactically~*~*~ (stealth).
  3789 | D:4      | 3789 ||| Stepping ~*~*~tactically~*~*~ (stealth).
  3798 | D:4      | 3798 ||| SWAPPING to +2 hand axe of freezing.
  3799 | D:4      | 3799 ||| DROPPING +0 hand axe of freezing.
  4019 | D:4      | 4019 ||| DROPPING ring of flight.
  4020 | D:4      | 4020 ||| READING scroll labelled VEPPEUHUM.
  4021 | D:4      | 4021 ||| DRINKING 2 fizzy golden potions.
  4022 | D:4      | 4022 ||| DROPPING potion of brilliance.
  4053 | D:5      | Entered Level 5 of the Dungeon
  4318 | D:5      | 4318 ||| INVOKING Fiery Armour.
  4494 | D:5      | Noticed Edmund
  4509 | D:5      | Killed Edmund
  4684 | D:5      | Noticed Blork the orc
  4694 | D:5      | Killed Blork the orc
  5168 | D:5      | 5168 ||| READING scroll labelled TEEH LEUMAR.
  5169 | D:5      | 5169 ||| DRINKING 2 lumpy cyan potions.
  5169 | D:5      | Gained mutation: You have hidden genetic potential. [potion
                  | of mutation]
  5169 | D:5      | Gained mutation: You have a pair of small horns on your
                  | head. [potion of mutation]
  5170 | D:5      | 5170 ||| DROPPING +0 helmet.
  5171 | D:5      | 5171 ||| READING 3 scrolls of identify.
  5171 | D:5      | 5171 ||| IDENTIFYING puce potion
  5172 | D:5      | 5172 ||| READING 2 scrolls of identify.
  5172 | D:5      | 5172 ||| IDENTIFYING ruby potion
  5173 | D:5      | 5173 ||| DROPPING potion of invisibility.
  5174 | D:5      | 5174 ||| DROPPING potion of degeneration.
  5203 | D:6      | 5203 ||| PLANNING SEWER
  5237 | D:6      | 5237 ||| Stepping ~*~*~tactically~*~*~ (hiding).
  5274 | D:6      | 5274 ||| INVOKING Fiery Armour.
  5277 | D:6      | Noticed a troll
  5278 | D:6      | Reached XP level 9. HP: 28/54 MP: 10/10
  5283 | D:6      | 5283 ||| Stepping ~*~*~tactically~*~*~ (stealth).
  5287 | D:6      | Killed a troll
  5288 | D:6      | Reached skill level 8 in Axes
  5288 | D:6      | 5288 ||| Stepping ~*~*~tactically~*~*~ (stealth).
  5289 | D:6      | 5289 ||| Stepping ~*~*~tactically~*~*~ (stealth).
  5296 | D:6      | 5296 ||| Stepping ~*~*~tactically~*~*~ (stealth).
  5297 | D:6      | 5297 ||| Stepping ~*~*~tactically~*~*~ (stealth).
  5304 | D:6      | 5304 ||| Stepping ~*~*~tactically~*~*~ (stealth).
  5415 | D:6      | Noticed a two-headed ogre
  5418 | D:6      | 5418 ||| Stepping ~*~*~tactically~*~*~ (stealth).
  5419 | D:6      | 5419 ||| Stepping ~*~*~tactically~*~*~ (stealth).
  5420 | D:6      | 5420 ||| Stepping ~*~*~tactically~*~*~ (stealth).
  5421 | D:6      | 5421 ||| INVOKING Fiery Armour.
  5431 | D:6      | Killed a two-headed ogre
  5448 | D:6      | Noticed a boulder beetle
  5449 | D:6      | 5449 ||| Stepping ~*~*~tactically~*~*~ (stealth).
  5512 | D:6      | 5512 ||| Stepping ~*~*~tactically~*~*~ (stealth).
  5515 | D:6      | 5515 ||| Stepping ~*~*~tactically~*~*~ (stealth).
  5632 | D:6      | 5632 ||| INVOKING Fiery Armour.
  5663 | D:6      | HP: 10/58 [boulder beetle (10)]
  5664 | D:6      | 5664 ||| READING 2 scrolls of teleportation.
  5666 | D:6      | Mangled by a boulder beetle

Levels and vault maps discovered:
D:1:      wander_arrival_estate, layout_rooms
D:2:      layout_rooms, mrwooster_statue_mirror
D:3:      layout_rooms, kennysheep_okawaru_gauntlet, serial_bayou,
          serial_bayou_shore_a, serial_bayou_lake_a, serial_bayou_shore_b,
          serial_bayou_crossing, serial_bayou_ford_a, serial_bayou_pond_a,
          uniq_robin
D:4:      minmay_wonky_spiral, layout_layer_cave,
          nzn_overflow_gifts_of_might_and_magic, nicolae_overflow_crystal_walls,
          minmay_temple_entry_overgrown, uniq_grinder, uniq_ijyb,
          uniq_eustachio, uniq_natasha
D:5:      layout_loops_corners, minmay_hedge_maze, uniq_blork_the_orc,
          uniq_edmund
D:6:      cheibrodos_fzero, layout_loops_ring, nemelex_spade_bored_becter,
          cheibrodos_sewer_entry_drain, uniq_pikel

Skill      XL: |  1  2  3  4  5  6  7  8  9 |
---------------+----------------------------+-----
Axes           | 3 4 5 6 7 8 |  8.7
Shields        | 1 2 3 |  3.4
Armour         | 1 3 4 5 |  5.3
Fighting       | 4 5 7 |  7.7
Throwing       | 2 |  2.0
Spellcasting   | |  1.0
Fire Magic     | |  3.0

Action                     |  1- 3 |  4- 6 |  7- 9 || total
---------------------------+-------+-------+-------++-------
  Melee: Hand axe          |    98 |   215 |   244 ||   557
         Punch             |     1 |       |       ||     1
         Headbutt          |       |       |    12 ||    12
  Throw: Boomerang         |    10 |    40 |    55 ||   105
 Invoke: Fiery Armour      |     1 |     5 |     5 ||    11
    Use: Scroll            |     5 |     1 |     5 ||    11
         Potion            |       |     1 |     3 ||     4
 Armour: Robe              |     9 |       |       ||     9
         Scale mail        |    25 |    31 |       ||    56
         Plate armour      |       |    92 |   145 ||   237
  Dodge: Dodged            |    48 |    59 |    56 ||   163
  Block: Buckler           |     6 |    20 |    18 ||    44

Table legend:
 A = Non-vault XP
 B = Vault XP
 C = Vault XP percentage of total XP
 D = Non-vault monster count
 E = Vault monster count
 F = Vault count percentage of total count
                 A         B        C        D         E       F
            +---------+---------+-------+---------+---------+-------
      Total |    1079 |    2758 |  71.9 |      80 |      40 |  33.3
            +---------+---------+-------+---------+---------+-------
        D:1 |      29 |       0 |   0.0 |      16 |       0 |   0.0
        D:2 |      41 |       0 |   0.0 |      13 |       0 |   0.0
        D:3 |      92 |      41 |  30.8 |      22 |      15 |  40.5
        D:4 |     549 |     770 |  58.4 |      23 |       9 |  28.1
        D:5 |     245 |     258 |  51.3 |       4 |       2 |  33.3
        D:6 |     123 |    1689 |  93.2 |       2 |      14 |  87.5
            +---------+---------+-------+---------+---------+-------
